 Dungeon Crawl Stone Soup version 0.29-a0-360-g8ed1089bbe (webtiles) character file.

Game seed: 8574880248399025163

4872 HendSelp the Basher (level 10, 0/110 HPs)
             Began as an Ogre Berserker on Apr 28, 2022.
             Was an Elder of Trog.
             Killed from afar by a steam dragon (14 damage)
             ... with a ball of steam
             ... on level 7 of the Dungeon.
             The game lasted 00:12:46 (9721 turns).

HendSelp the Basher (Ogre Berserker)                Turns: 9721, Time: 00:12:47

Health: 0/110      AC:  5    Str: 27    XL:     10   Next: 50%
Magic:  10/10      EV: 14    Int:  8    God:    Trog [****..]
Gold:   309        SH:  0    Dex:  8    Spells: 9/9 levels left

rFire   . . .      SeeInvis .   r - +7 lajatang of Order {silver, rMut}
rCold   . . .      Faith    .   (shield currently unavailable)
rNeg    . . .      Spirit   .   d - +2 animal skin
rPois   .          Reflect  .   (helmet restricted)
rElec   .          Harm     .   l - scarf {repulsion}
rCorr   .          Rampage  .   (gloves unavailable)
rMut    +                       (boots unavailable)
Will    +....                   (no amulet)
Stlth   +.........              h - +4 ring of evasion
HPRegen 0.28/turn               (no ring)
MPRegen 0.12/turn

@: repel missiles
A: large, unfitting armour, tough skin 1
a: Renounce Religion, Berserk, Trog's Hand, Brothers in Arms


You were on level 7 of the Dungeon.
You worshipped Trog.
Trog was greatly pleased with you.
You visited 2 branches of the dungeon, and saw 8 of its levels.

You collected 429 gold pieces.
You spent 120 gold pieces at shops.

Inventory:

Hand Weapons
 i - a +1 giant spiked club
 r - the +7 lajatang of Order (weapon) {silver, rMut}
   (You took it off a centaur on level 7 of the Dungeon)

   It inflicts extra damage upon those it strikes, and deals substantially
   increased damage to chaotic, mutated and magically transformed beings.
   rMut:      It protects you from mutation.
 u - a +0 morningstar
Missiles
 p - a throwing net (quivered)
Armour
 d - a +2 animal skin (worn)
 l - a scarf of repulsion (worn)
Jewellery
 f - the ring "Peluet" {Will+ Int+2}
   (You took it off a centaur on level 7 of the Dungeon)

   [ring of willpower]

   Int:       It affects your intelligence (+2).
   Will:      It increases your willpower.
 h - a +4 ring of evasion (left hand)
Wands
 b - a wand of paralysis (7)
 j - a wand of charming (1)
 o - a wand of polymorph (11)
Scrolls
 g - 2 scrolls of blinking
 k - 3 scrolls of identify
 m - 6 scrolls of teleportation
 n - a scroll of enchant armour
 q - a scroll of fog
 v - a scroll of enchant weapon
Potions
 a - a potion of cancellation {unknown}
 c - 2 potions of curing
 e - 3 potions of flight
 s - 2 potions of attraction
 t - a potion of mutation {unknown}


   Skills:
 + Level 9.9 Fighting
 - Level 12.5 Maces & Flails
 + Level 1.6(8.9) Staves
 - Level 2.6 Dodging


You had 9 spell levels left.
You didn't know any spells.
Your spell library was empty.

Dungeon Overview and Level Annotations

Branches:
Dungeon (7/15)             Temple (1/1) D:4

Altars:
Ashenzari
Cheibriados
Dithmenos
Elyvilon
Fedhas
Gozag
Hepliaklqana
Kikubaaqudgha
Makhleb
Okawaru
Qazlal
Ru
Sif Muna
Trog
Uskayaw
Vehumet
Wu Jian
Xom
Zin
The Shining One

Shops:
D:4 *   D:6 [


Innate Abilities, Weirdness & Mutations

You are too large for most types of armour.
You have tough skin. (AC +1)


Message History

A steam dragon is nearby!
You feel better.
The steam dragon hisses angrily.
The steam dragon breathes steam at you. The ball of steam hits you!
* * * LOW HITPOINT WARNING * * *
You feel better.
You are engulfed in a cloud of scalding steam.
* * * LOW HITPOINT WARNING * * *
Unknown command.
Unknown command.
Unknown command.
Unknown command.
Unknown command.
Unknown command.
Unknown command.
Unknown command.
Unknown command.
Unknown command.
Unknown command.
Unknown command.
Unknown command.
Unknown command.
Unknown command.
Unknown command.
You barely miss the steam dragon.
You are engulfed in a cloud of scalding steam.
* * * LOW HITPOINT WARNING * * *
The steam dragon barely misses you. The steam dragon claws you.
* * * LOW HITPOINT WARNING * * *
Unknown command.
Blink to where?
Press: ? - help, Dir - move target
Okay, then.
You feel better.
You are engulfed in a cloud of scalding steam.
* * * LOW HITPOINT WARNING * * *
The steam dragon breathes steam at you. The ball of steam hits you!
You die...

..# #)#. #.......... ..# ....
#.......... ..# ##o. #........).
..# # ... #.......... ..# #.##.#
##.######### ..#
#..).###.##...#<....) ..#
#.....##...#....)) ..#### ####
####D#####...#......
..##..##..####.#@#.#.##...#......
..#. #..##..##.#§#.#.##..######..
..#.##..##..#.#)#§#.#.#.#######..
.)##..##..###.#)#.#.#.#....#.....
...#..##..##.#§#÷#.#.##....'.....
..#.##..##..##.#.#.#.##.########+
..#.##..##..#.#.#.#.#.#.#.(......
..##..##..###.#.#.#.#.#.#........
..##.. #..# ##.#.#.#.##.#........


You could see a steam dragon (catching breath).

Vanquished Creatures
  A skeletal warrior (D:7)
  Pikel (D:7)
  7 yaks
  A shadow (D:5)
  A wyvern (D:7)
  Menkaure (D:7)
  A water moccasin (D:7)
  An ice beast (D:7)
  2 sky beasts (D:7)
  An orc warrior (D:5)
  A black bear (D:7)
  An ogre (D:5)
  A centaur (D:7)
  2 phantoms (D:5)
  A kobold brigand (D:7)
  3 bullfrogs
  3 necrophages (D:5)
  2 gnoll sergeants
  3 scorpions
  4 wights (D:7)
  A vampire bat (D:6)
  A howler monkey (D:7)
  2 hounds
  2 jellies
  An orc priest (D:6)
  A gnoll shaman (D:7)
  5 orc wizards
  Robin (D:3)
  11 adders
  9 gnolls
  A white imp (D:7)
  An ufetubus (D:6)
  A worm (D:5)
  A dart slug (D:1)
  17 orcs
  10 ball pythons
  7 endoplasms
  5 giant cockroaches
  19 goblins
  11 hobgoblins
  11 jackals
  2 quokkas
  13 bats
  A frilled lizard (D:1)
  12 kobolds
  5 rats
189 creatures vanquished.

Notes
Turn   | Place    | Note
-------+----------+-------------------------------------------
     0 | D:1      | HendSelp the Ogre Berserker began the quest for the Orb.
     0 | D:1      | Reached XP level 1. HP: 24/24 MP: 1/1
   107 | D:1      | Reached skill level 3 in Maces & Flails
   111 | D:1      | Reached XP level 2. HP: 32/32 MP: 2/2
   683 | D:1      | Reached XP level 3. HP: 40/40 MP: 3/3
  1564 | D:2      | Reached ** piety under Trog
  1678 | D:2      | Reached skill level 4 in Maces & Flails
  1678 | D:2      | Reached XP level 4. HP: 49/49 MP: 4/4
  2450 | D:3      | Noticed Robin
  2468 | D:3      | Reached XP level 5. HP: 33/55 MP: 5/5
  2475 | D:3      | Killed Robin
  3301 | D:3      | Reached skill level 5 in Maces & Flails
  3313 | D:3      | Found a faded altar of an unknown god.
  3663 | D:4      | Reached skill level 5 in Fighting
  3665 | D:4      | Reached XP level 6. HP: 60/66 MP: 6/6
  3703 | D:4      | Found Idgheb's Mayhem Merchandise.
  3789 | D:4      | Found a staircase to the Ecumenical Temple.
  3853 | D:4      | Reached skill level 6 in Maces & Flails
  4034 | Temple   | Entered the Ecumenical Temple
  4761 | D:4      | Noticed a yak
  4763 | D:4      | Noticed a yak
  4765 | D:4      | Noticed a yak
  4772 | D:4      | Killed a yak
  4773 | D:4      | Reached XP level 7. HP: 72/72 MP: 7/7
  4775 | D:4      | Killed a yak
  4776 | D:4      | Reached skill level 7 in Maces & Flails
  4778 | D:4      | Killed a yak
  5059 | D:4      | Reached XP level 8. HP: 83/83 MP: 8/8
  5262 | D:5      | Entered Level 5 of the Dungeon
  5288 | D:5      | Reached skill level 8 in Maces & Flails
  5510 | D:5      | Noticed a shadow
  5521 | D:5      | Killed a shadow
  5531 | D:5      | Reached skill level 9 in Maces & Flails
  6390 | D:6      | Found Wani's Armour Shoppe.
  6494 | D:6      | Reached XP level 9. HP: 84/93 MP: 9/9
  6534 | D:6      | Bought a scarf of repulsion for 120 gold pieces
  6784 | D:6      | Reached *** piety under Trog
  6814 | D:6      | Reached skill level 10 in Maces & Flails
  7123 | D:6      | Found a hide-covered altar of Uskayaw.
  7450 | D:7      | Found a glowing silver altar of Zin.
  7754 | D:7      | Noticed Pikel
  7762 | D:7      | Killed Pikel
  7841 | D:7      | Reached skill level 11 in Maces & Flails
  8461 | D:7      | Noticed Menkaure
  8477 | D:7      | Killed Menkaure
  8770 | D:7      | Reached XP level 10. HP: 86/106 MP: 10/10
  9203 | D:7      | Identified the ring "Peluet" {Will+ Int+2}
  9204 | D:7      | Reached skill level 12 in Maces & Flails
  9210 | D:7      | Reached **** piety under Trog
  9656 | D:7      | Identified the +9 mace of Aveimecu {vorpal, Int+5 Stlth+}
  9656 | D:7      | Noticed a skeletal warrior
  9667 | D:7      | Killed a skeletal warrior
  9668 | D:7      | Reached skill level 1 in Staves
  9721 | D:7      | Killed from afar by a steam dragon

Illustrated notes

Levels and vault maps discovered:
D:1:      dpeg_arrival_rooms_a, layout_rooms
D:2:      cheibrodos_helix_gallery, layout_basic, dk_vineyard_3
D:3:      layout_basic, hellmonk_ecumenical_altar_pennies_from_heaven,
          minmay_tree_intersection, uniq_robin
D:4:      layout_basic, minmay_temple_entry_statues_pillars, minmay_shop_mayhem,
          hex_tiny, hangedman_decor_clover_reticule, dk_noncrumbling_4,
          nicolae_figureground_sparkle
D:5:      kennysheep_big_flooded_room, layout_rooms
D:6:      layout_layer_cave, overflow_temple_1_default, serial_shops,
          nicolae_stop_n_shop_2, roderic_batcave
D:7:      layout_gridville, mainiacjoe_overflow_catwalk, supply_closet_lemuel,
          minmay_the_grid_2x2 [minmay_the_grid_minigrid_medium,
          minmay_the_grid_stretched_grid, minmay_the_grid_small_cups,
          minmay_the_grid_prize_shrinking_boxes], uniq_pikel, uniq_menkaure
Temple:   compressed_dpeg_circular_temple

Skill      XL: |  1  2  3  4  5  6  7  8  9 10 |
---------------+-------------------------------+-----
Maces & Flails | 3 4 5 6 7 9 11 12 | 12.5
Fighting       | 5 6 7 8 9 |  9.9
Staves         | 1 |  1.6
Dodging        | |  2.6

Action                   |  1- 3 |  4- 6 |  7- 9 | 10-12 || total
-------------------------+-------+-------+-------+-------++-------
Melee: Mace              |   120 |   151 |   183 |       ||   454
       Punch             |     3 |       |     4 |       ||     7
       Morningstar       |       |       |    33 |    76 ||   109
       Lajatang          |       |       |       |    12 ||    12
Throw: Throwing net      |       |       |       |     1 ||     1
Invok: Berserk           |     8 |     4 |     5 |     1 ||    18
       Trog's Hand       |       |       |     1 |       ||     1
  Use: Scroll            |     3 |    14 |     4 |       ||    21
       Potion            |       |     4 |     2 |     5 ||    11
 Stab: Distracted        |       |       |       |     1 ||     1
       Held in net/web   |       |       |       |     1 ||     1
Armor: Animal skin       |    47 |    31 |    54 |    20 ||   152
       Skin              |       |     5 |    10 |       ||    15
Dodge: Dodged            |   124 |   121 |   124 |    52 ||   421
       Repelled          |       |       |       |     2 ||     2

Table legend: (Time is in decaauts)
 A = Elapsed time spent in this place.
 B = Non-inter-level travel time spent in this place.
 C = Inter-level travel time spent in this place.
 D = Time resting spent in this place.
 E = Time spent auto-exploring this place.
 F = Levels seen in this place.
 G = Mean time per level.
                   A        B        C        D        E       F      G
               +--------+--------+--------+--------+--------+-----+--------+
         Total |   9881 |   9605 |    276 |   2828 |   5586 |   8 | 1235.1 |
       Dungeon |   9796 |   9530 |    266 |   2828 |   5526 |   7 | 1399.4 |
        Temple |     84 |     75 |      9 |      0 |     60 |   1 |   84.0 |
               +--------+--------+--------+--------+--------+-----+--------+

Top non-repeatable levels by time:
     D:7: 2094 daAuts
     D:4: 1769 daAuts
     D:6: 1392 daAuts
     D:2: 1268 daAuts
     D:1: 1266 daAuts
     D:3: 1021 daAuts
     D:5: 983 daAuts
  Temple: 84 daAuts
